 Dungeon Crawl Stone Soup version 0.20.1-1-g8b1a95d (webtiles) character file.

113 Irenicus the Slasher (level 4, 0/33 HPs)
             Began as an Octopode Chaos Knight on Oct 13, 2017.
             Slain by a hobgoblin (5 damage)
             ... on level 3 of the Dungeon.
             The game lasted 00:04:24 (1700 turns).

Irenicus the Slasher (Octopode Chaos Knight)        Turns: 1700, Time: 00:04:25

Health: 0/33       AC:  5    Str: 11    XL:     4   Next: 96%
Magic:  4/4        EV: 13    Int: 14    God:    Xom [..*...]
Gold:   186        SH:  0    Dex: 12    Spells: 3/3 levels left

rFire    . . .     SeeInvis .   a - +0 falchion (chaos)
rCold    . . .     Gourm    .   (no shield)
rNeg     . . .     Faith    .   (helmet restricted)
rPois    .         Spirit   .   (no amulet)
rElec    .         Reflect  .   c - +4 ring of protection
rCorr    .         Harm     .   (no ring)
MR       .....                  (no ring)
Stlth    ++........             (no ring)
Regen    0.2/turn               (no ring)
MPRegen  0.1/turn               (no ring)
                                (no ring)
                                (no ring)

@: hasted, heavily drained, very quick
A: almost no armour, stealthy swim, amphibious, 8 rings, constrict 8, camouflage
1, gelatinous body 1
a: Renounce Religion


You were on level 3 of the Dungeon.
You worshipped Xom.
You were a toy of Xom.
You were not hungry.

You visited 1 branch of the dungeon, and saw 4 of its levels.

You collected 186 gold pieces.

Inventory:

Hand Weapons
 a - a +0 falchion of chaos (weapon)
Jewellery
 c - a +4 ring of protection (left tentacle)
 t - an uncursed amulet of harm
Scrolls
 d - 6 scrolls of teleportation {unknown}
 h - a scroll of fog {unknown}
 l - 2 scrolls of identify {unknown}
 m - a scroll of remove curse {unknown}
 o - a scroll of amnesia {unknown}
 q - 3 scrolls of blinking {unknown}
 s - a scroll of random uselessness {unknown}
 u - a scroll of fear {unknown}
Potions
 e - 2 potions of curing {unknown}
 g - a potion of resistance {unknown}
 i - a potion of haste {unknown}
 k - a potion of heal wounds {unknown}
 n - a potion of might {unknown}
 r - a potion of magic {unknown}
Comestibles
 b - 2 bread rations
 f - 2 fruits
 j - 2 royal jellies
 p - a meat ration


   Skills:
 + Level 3.8(2.3) Fighting
 + Level 4.2(2.7) Long Blades
 + Level 3.0(1.5) Dodging
 + Level 1.5(0.1) Stealth


You had 3 spell levels left.
You didn't know any spells.

Dungeon Overview and Level Annotations

Branches:
Dungeon (4/15)
 Temple: D:4-7

Altars:
Cheibriados
Okawaru
Yredelemnul

Annotations:
D:4 Irenicus's ghost, novice OpCK


Innate Abilities, Weirdness & Mutations

You cannot wear most types of armour.
You are very stealthy in the water. (Stealth+)
You are amphibious.
You can wear up to eight rings at the same time.
You can use your tentacles to constrict eight enemies at once.
Your skin changes colour to match your surroundings (Stealth+).
Your rubbery body absorbs attacks. (AC +1, EV +1)


Message History

You feel sick.
You feel sick.
You feel sick.
You see here 19 arrows.
You feel sick.
There is a stone staircase leading up here.
You feel sick.
You climb upwards.
There is a stone staircase leading down here.
You feel sick.
You feel sick.
There is a stone staircase leading down here.
You start resting.
A hobgoblin comes into view.
You feel sick.
You are no longer poisoned.
The hobgoblin shouts!
The hobgoblin hits you.
You die...
Xom yawns loudly!

..........# #.## ##.....##
..........# #..####.......#
..........### ##.##.........#
...........)####.#..#.......#
.........##......>.........##
..#.....########.#.###....<##
##############.....##....(..#
##.....)...#.####...(...#
#..#########@# #.÷.....# #.##
#g# ##.....## #####.### #.#
##...## ........### #÷##
##### ....#.#..†### #..##
###...###...## ##..#
.............#####.##
##..†......(...###..##
#..###...##..........###


You could see a hobgoblin.

Vanquished Creatures
  A worker ant (D:4)
  3 adders
  A gnoll (D:1)
  An ooze (D:2)
  A dart slug (D:1)
  A leopard gecko (D:3)
  2 orcs (D:3)
  A ball python (D:2)
  6 bats
  A giant cockroach (D:1)
  8 goblins
  5 hobgoblins
  2 jackals (D:3)
  4 kobolds
  A quokka (D:3)
  5 frilled lizards
  A quokka skeleton (D:4)
  2 rats
46 creatures vanquished.

Notes
Turn   | Place    | Note
-------+----------+-------------------------------------------
     0 | D:1      | Irenicus the Octopode Chaos Knight began the quest for the Orb.
     0 | D:1      | Reached XP level 1. HP: 16/16 MP: 1/1
   106 | D:1      | Reached XP level 2. HP: 5/21 MP: 2/2
   303 | D:1      | Reached XP level 3. HP: 21/26 MP: 3/3
   449 | D:1      | XOM: silly message
   726 | D:2      | XOM: silly message
   825 | D:2      | Found a snail-covered altar of Cheibriados.
  1102 | D:2      | Reached skill level 4 in Long Blades
  1102 | D:2      | Reached XP level 4. HP: 27/31 MP: 4/4
  1137 | D:2      | XOM: harmless Tloc miscast
  1276 | D:3      | Found a basalt altar of Yredelemnul.
  1321 | D:3      | XOM: harmless Tloc miscast
  1430 | D:3      | Found an iron altar of Okawaru.
  1452 | D:3      | Reached skill level 1 in Stealth
  1549 | D:4      | Noticed Irenicus's ghost (novice OpCK)
  1556 | D:4      | Noticed an ogre
  1663 | D:4      | XOM: potion effect (haste)
  1700 | D:3      | Slain by a hobgoblin

Skill      XL: |  1  2  3  4 |
---------------+-------------+-----
Long Blades    | 4 |  4.2
Stealth        | 1 |  1.5
Dodging        | 3 |  3.0
Fighting       | |  3.8

Action                   |  1- 3 |  4- 6 || total
-------------------------+-------+-------++-------
Melee: Falchion          |    48 |    34 ||    82
       Constrict         |    17 |    10 ||    27
       Tentacles         |     8 |     5 ||    13
 Stab: Sleeping          |     3 |     1 ||     4
       Distracted        |     1 |       ||     1
  Eat: Chunk             |       |     2 ||     2
Armor: Skin              |     7 |    22 ||    29
Dodge: Dodged            |    36 |    26 ||    62
       Rpst.: Falchion   |    12 |     5 ||    17
